mauris, lawful female dwarven Valkyrie .*. ----- ........... ........<... ..........I*. .............. -............. |.....*...... ----....... ----- mauris the Skirmisher Experience level: 5 Strength: 18/04 Dexterity: 14 Constitution: 15 Intelligence: 9 Wisdom: 8 Charisma: 8 Health: 0(47) Energy: 5(5) Def: 8 Gold: 95 Moves: 1658 Dungeon seed: yrDPOoma9KzyH7sg Game ID: mauris_1443143740 Your Inventory: Coins $ - 95 gold pieces Weapons b - an uncursed +0 dagger Armor e - a cursed -1 pair of iron shoes (being worn) n - an uncursed +0 dwarvish iron helm (being worn) q - an uncursed +3 small shield (being worn) y - an uncursed +0 cloak of invisibility (being worn) Comestibles c - an uncursed partly eaten food ration Scrolls d - a blessed scroll of enchant weapon k - a cursed scroll of stinking cloud Potions f - an uncursed potion of blindness Wands h - an uncursed wand of fire (0:3) Tools g - an uncursed towel i - an uncursed magic marker (0:62) l - an uncursed brass lantern (lit) (0:937) m - an uncursed tallow candle (0:200) x - an uncursed +0 pick-axe Gems r - an uncursed opal Spells and supernatural/magical abilities: Name Level Category Fail Memory W - pray for help -- divine ? -- Your skills at the end: Fighting Skills Weapon Skills dagger [Basic] long sword [Basic] Spellcasting Skills Final Attributes: You were stridently aligned. You were cold resistant. You were poison resistant. You were blinded. You had infravision. You were invisible. You were stealthy. You aggravated monsters. You were unlucky. You are dead. Vanquished creatures: a yellow light a gnome lord 2 gnomish wizards a guardian naga hatchling 3 dwarves 5 hill orcs 8 gnomes a gecko a fox 2 goblins 2 sewer rats 2 grid bugs a lichen a kobold zombie 5 newts 36 creatures vanquished. Voluntary challenges: You used a wielded weapon 34 times, starting on turn 23. You read items or engraved 2 times, starting on turn 623. You never genocided any monsters. You never polymorphed an object. You changed form 2 times, starting on turn 1486. You used no wishes. You never split a pudding. You wrote Elbereth's name 1 time, starting on turn 624. You violated your moral code, losing 51 points of alignment, starting on turn 270. You disabled loading bones files. Dungeon overview: The Dungeons of Doom: levels 1 to 2 Level 1 a long staircase Level 2 a fountain stairs to The Gnomish Mines The Gnomish Mines: levels 3 to 10 Level 3 stairs to The Dungeons of Doom Level 4 Level 5 Level 6 a lighting shop, a temple to Odin, a fountain Level 7 Level 9 Level 10 <- You were here History has recorded: On T:1 you entered the Dungeons of Doom to retrieve the Amulet of Yendor! On T:11 you reached level 2 of The Dungeons of Doom. On T:201 you reached level 1 of The Gnomish Mines. On T:400 you advanced to experience level 2. On T:581 you advanced to experience level 3. On T:621 you reached level 2 of The Gnomish Mines. On T:872 you advanced to experience level 4. On T:1068 you reached level 3 of The Gnomish Mines. On T:1191 you reached level 4 of The Gnomish Mines. On T:1442 you reached level 5 of The Gnomish Mines. On T:1469 you advanced to experience level 5. On T:1485 you reached level 8 of The Gnomish Mines. On T:1524 you reached level 7 of The Gnomish Mines. Score breakdown: Gold: 95 ( 6743 points) Experience: 5 levels (11141 points) Exploration: 10 levels ( 20.41%) (12990 points) Discoveries: 4 items ( 1.63%) ( 3825 points) Valuables value: (no points given unless you survive) Artifact value: 0 ( 0 points) Variety of kills: 15 monsters ( 3.94%) ( 5952 points) Turncount: 1658 turns ( 0 points) Survival: died (score multiplied by 80%) Total score: 32520 Latest messages: x - an uncursed pick-axe. g - an uncursed towel. r - an uncursed white gem. A white gem lands on the altar. You begin praying to Tyr. It hits! It misses. It bumps right into you! It hits! You die... Final status: Farvel mauris the Valkyrie, killed by a straw golem, while praying... You died in The Gnomish Mines on dungeon level 10 with 32520 points, and 95 pieces of gold, after 1658 moves. You were level 5 with a maximum of 47 hit points when you died.